 Dungeon Crawl Stone Soup version 0.31.0-32-g396128a36d (webtiles) character file.

Game seed: 3769540546186963541

1440 Henri the Geomancer (level 8, -2/53 HPs)
             Began as a Gargoyle Earth Elementalist on Mar 31, 2024.
             Was an Initiate of Ashenzari.
             Killed from afar by a white imp (6 damage)
             ... with a puff of frost
             ... summoned by Xom
             ... on level 6 of the Dungeon.
             The game lasted 00:15:29 (4704 turns).

Henri the Geomancer (Gargoyle Earth Elementalist)   Turns: 4704, Time: 00:15:31

Health: -2/53      AC:  8    Str: 12      XL:     8   Next: 74%
Magic:  0/11       EV: 11    Int: 17 (18) God:    Ashenzari [......]
Gold:   302        SH:  5    Dex:  9 (10) Spells: 0/11 levels left

rFire   + . .        q - +1 hand axe of False Hope {drain, rPois rN+}
rCold   x . .        (no shield)
rNeg    + + .        a - +0 robe
rPois   ∞            (no helmet)
rElec   +            (no cloak)
rCorr   .            (no gloves)
SInv    .            (no boots)
Will    .....        s - amulet of reflection
Stlth   ++           g - ring of protection from fire
HPRegen 0.28/turn    t - +4 ring of slaying
MPRegen 0.12/turn

%: reflection, clarity
@: no status effects
A: sickness immunity, AC +5, negative energy resistance 1, electricity
resistance, torment resistance 1, petrification resistance, clarity,
deterioration 1, robust 1, evolution 1, cold vulnerability 1
a: Renounce Religion


You were on level 6 of the Dungeon.
You worshipped Ashenzari.
Ashenzari was noncommittal.
You visited 2 branches of the dungeon, and saw 7 of its levels.

You collected 302 gold pieces.

Inventory:

Hand Weapons
 q - the +1 hand axe of False Hope (weapon) {drain, rPois rN+}
   (You found it on level 3 of the Dungeon)

   rPois:     It protects you from poison rN+: It protects you from negative
   energy.
Missiles
 r - 2 poisoned darts
 y - a curare-tipped dart
Armour
 a - a +0 robe (worn)
Jewellery
 g - a ring of protection from fire (left hand)
 s - an amulet of reflection (around neck)
 t - a +4 ring of slaying (right hand)
 w - an amulet of faith
 x - a +6 ring of dexterity
Wands
 m - a wand of digging (3)
Scrolls
 c - a scroll of butterflies
 e - a scroll of enchant armour {unknown}
 k - a scroll of revelation
 l - 3 scrolls of identify
 n - 2 scrolls of noise {unknown}
 o - a scroll of teleportation
 v - a scroll of amnesia {unknown}
Potions
 b - a potion of magic
 f - a potion of invisibility {unknown}
 h - a potion of enlightenment {unknown}
 i - a potion of ambrosia {unknown}
 j - a potion of resistance {unknown}
 p - a potion of heal wounds
 u - 2 potions of lignification {unknown}


   Skills:
 + Level 5.2 Fighting
 - Level 5.0 Armour
 - Level 1.5 Dodging
 - Level 2.2 Stealth
 - Level 2.0 Spellcasting
 - Level 1.1 Conjurations
 * Level 10.2 Earth Magic


You couldn't memorise any spells.
You knew the following spells:

 Your Spells              Type           Power      Damage    Failure   Level
a - Sandblast             Erth           72%        2d16      1%          1
b - Stone Arrow           Conj/Erth      42%        3d9       5%          3
c - Passwall              Erth           36%        N/A       1%          3
d - Brom's Barrelling Bo  Conj/Erth      21%        2d4       19%         4

Your spell library contained the following spells:

 Spells                   Type           Power      Damage    Failure   Level
 Petrify                  Alch/Erth      19%        N/A       24%         4
 Lesser Beckoning         Tloc           2%         N/A       28%         2
 Gell's Gravitas          Tloc           1%         N/A       50%         3
 Teleport Other           Tloc           1%         N/A       50%         3
 Dispersal                Tloc           0%         N/A       100%        6


Dungeon Overview and Level Annotations

Branches:
Dungeon (6/15)             Temple (1/1) D:4

Altars:
Ashenzari
Elyvilon
Fedhas
Gozag
Hepliaklqana
Kikubaaqudgha
Nemelex Xobeh
Okawaru
Qazlal
Ru
Sif Muna
Trog
Uskayaw
Xom
Yredelemnul
Zin
The Shining One

Shops:
D:5 [

Annotations:
D:6 Jeremiah


Innate Abilities, Weirdness & Mutations

You are immune to sickness and miasma.
Your stone body is resilient. (AC +5)
You are immune to poison.
You resist negative energy. (rN+)
You are resistant to electric shocks. (rElec)
You are resistant to unholy torment.
You are immune to petrification.
You possess an exceptional clarity of mind.
Your body sometimes deteriorates upon taking damage.
You are robust. (+10% HP)
You have hidden genetic potential.
You are vulnerable to cold. (rC-)


Message History

The wight hits you with a +3 mace.
Casting: Sandblast (safe; 1% risk of failure)
Confirm with . or Enter, or press ? or * to list all spells.
Aiming: Sandblast (safe; 1% risk of failure)
Press: ? - help, Shift-Dir - straight line, f - wight
Aim: a wight, wielding a +3 mace and wearing a +0 robe (84% to hit)
The blast of sand hits the wight.
The wight is lightly damaged.
The wight closely misses you.
Unknown command.
Casting: Sandblast (safe; 1% risk of failure)
Confirm with . or Enter, or press ? or * to list all spells.
Aiming: Sandblast (safe; 1% risk of failure)
Press: ? - help, Shift-Dir - straight line, f/p - wight
Aim: a wight, wielding a +3 mace and wearing a +0 robe (lightly damaged, 84% to hit)
The blast of sand misses the wight.
The blast of sand hits the wight!
You destroy the wight!
The wight closely misses you.
You hear Xom's maniacal laughter.
Unknown command.
Casting: Sandblast (safe; 1% risk of failure)
Confirm with . or Enter, or press ? or * to list all spells.
Aiming: Sandblast (safe; 1% risk of failure)
Press: ? - help, Shift-Dir - straight line, f - crimson imp
Aim: a crimson imp (summoned, 76% to hit)
The blast of sand hits the crimson imp!!
You kill the crimson imp!
The crimson imp disappears in a puff of smoke!
The wight closely misses you. The wight hits you with a +0 hand axe.
* * * LOW HITPOINT WARNING * * *
Your body deteriorates!
You feel clumsy.
The white imp hits you but does no damage.
Unknown command.
You slash the white imp!
The white imp is severely wounded.
You closely miss the wight. The wight hits you with a +0 hand axe!
* * * LOW HITPOINT WARNING * * *
The white imp gestures at you. The puff of frost hits you.
You feel a terrible chill!
You die...

*****
,,,,************
,,,,,,,<,,,,,,,###
,,,,,,,,,....,,+>#
,,,,,,,,,.....,#5#
****,,,,,......#@#
****,,,,,......#z#
,,,,,,,,,......#z#
,,,,,,,,,......#)###
,,,,,,,,****#...s..#
,,,,,,,,* #......#
,,,,,,,,*
#......######***
,,,,,,,,*
#.........)..,,*
,,,,,,,,*
#............,,*


You could see a scorpion, 2 wights and a white imp (summoned).

Vanquished Creatures
  Menkaure (D:4)
  A centaur (D:6)
  An ogre (D:5)
  A kobold brigand (D:6)
  A phantom (D:4)
  5 scorpions
  A wight (D:6)
  A howler monkey (D:5)
  A jelly (D:5)
  An orc priest (D:5)
  A bombardier beetle (D:4)
  5 hounds
  3 iguanas
  Terence (D:2)
  2 orc wizards (D:5)
  Natasha (thrice) (D:3)
  5 adders
  A shadow imp (D:5)
  2 ufetubi (D:5)
  3 ribbon worms
  2 dart slugs
  3 ball pythons
  13 bats
  12 endoplasms
  5 giant cockroaches
  7 goblins
  3 hobgoblins
  6 jackals (D:2)
  12 kobolds
  5 quokkas
  5 rats
113 creatures vanquished.

Notes
Turn   | Place    | Note
-------+----------+-------------------------------------------
     0 | D:1      | Henri the Gargoyle Earth Elementalist began the quest for
                  | the Orb.
     0 | D:1      | Reached XP level 1. HP: 10/10 MP: 3/3
   112 | D:1      | Reached skill level 4 in Earth Magic
   134 | D:1      | Reached XP level 2. HP: 15/15 MP: 3/5
   706 | D:1      | Reached XP level 3. HP: 19/19 MP: 3/6
   915 | D:1      | Found a faded altar of an unknown god.
   923 | D:1      | Prayed at the altar of an unknown god.
   923 | D:1      | Became a worshipper of Xom of Chaos
  1164 | D:1      | XOM: silly message
  1215 | D:1      | XOM: stat loss: -1 Str (10/11)
  1220 | D:2      | Reached skill level 5 in Earth Magic
  1255 | D:2      | Fell from the grace of Xom
  1389 | D:2      | XOM: summons 8 hostile demons
  1390 | D:2      | Noticed an ice devil
  1390 | D:2      | Noticed a hellwing
  1429 | D:2      | Learned a level 3 spell: Stone Arrow
  1488 | D:2      | Reached XP level 4. HP: 24/24 MP: 3/7
  1579 | D:2      | Learned a level 3 spell: Passwall
  1592 | D:2      | Noticed Terence
  1599 | D:2      | Killed Terence
  1731 | D:2      | Reached skill level 6 in Earth Magic
  2018 | D:3      | Noticed Natasha
  2025 | D:3      | Killed Natasha
  2026 | D:3      | Reached skill level 1 in Fighting
  2026 | D:3      | Reached skill level 1 in Armour
  2026 | D:3      | Reached XP level 5. HP: 25/29 MP: 4/8
  2444 | D:3      | Noticed Natasha
  2450 | D:3      | Killed Natasha
  2451 | D:3      | Noticed Natasha
  2501 | D:2      | XOM: give mutations
  2501 | D:2      | Gained mutation: You have hidden genetic potential. [Xom's
                  | mischief]
  2501 | D:2      | Gained mutation: You are vulnerable to cold. (rC-) [Xom's
                  | mischief]
  2501 | D:2      | Gained mutation: A frigid envelope surrounds you and
                  | freezes all who hurt you. [Xom's mischief]
  2509 | D:3      | Killed Natasha
  2537 | D:3      | Found a hazy altar of Hepliaklqana.
  2578 | D:3      | Identified the +1 hand axe of False Hope {drain, rPois rN+}
  2656 | D:4      | Reached XP level 6. HP: 23/35 MP: 3/9
  2657 | D:4      | Reached skill level 7 in Earth Magic
  2667 | D:4      | Gained mutation: Your movements are slightly less
                  | encumbered by armour. (ER -2) [hidden potential]
  2721 | D:4      | XOM: 2-stop teleportation journey
  2805 | D:4      | Noticed Menkaure
  2813 | D:4      | Killed Menkaure
  2814 | D:4      | Reached XP level 7. HP: 27/41 MP: 4/10
  2901 | D:4      | Found a staircase to the Ecumenical Temple.
  2911 | Temple   | Entered the Ecumenical Temple
  3087 | D:4      | Gained mutation: You have great hidden genetic potential.
                  | [hidden potential]
  3087 | D:4      | Lost mutation: You have great hidden genetic potential.
                  | [hidden potential expressed]
  3259 | D:4      | Reached skill level 8 in Earth Magic
  3605 | D:4      | XOM: scenery: 1 doors open
  3792 | D:5      | Entered Level 5 of the Dungeon
  3829 | D:5      | Reached XP level 8. HP: 48/48 MP: 8/11
  3856 | D:5      | Reached skill level 9 in Earth Magic
  3923 | D:5      | Gained mutation: You possess an exceptional clarity of
                  | mind. [hidden potential]
  4067 | D:5      | XOM: give mutations
  4067 | D:5      | Gained mutation: You occasionally shout uncontrollably at
                  | your foes. [Xom's mischief]
  4067 | D:5      | Lost mutation: You occasionally shout uncontrollably at
                  | your foes. [Xom's mischief]
  4067 | D:5      | Lost mutation: Your movements are slightly less encumbered
                  | by armour. (ER -2) [Xom's mischief]
  4227 | D:5      | Found Iriviucs's Armour Shop.
  4467 | D:5      | XOM: stat loss: -1 Dex (9/10)
  4501 | D:6      | Learned a level 4 spell: Brom's Barrelling Boulder
  4564 | D:6      | Reached skill level 5 in Fighting
  4564 | D:6      | Reached skill level 5 in Armour
  4564 | D:6      | Reached skill level 10 in Earth Magic
  4590 | D:6      | XOM: give mutations
  4590 | D:6      | Lost mutation: A frigid envelope surrounds you and freezes
                  | all who hurt you. [Xom's mischief]
  4590 | D:6      | Gained mutation: You are agile. (Dex +4, Str/Int -1) [Xom's
                  | mischief]
  4590 | D:6      | Gained mutation: Your body sometimes deteriorates upon
                  | taking damage. [Xom's mischief]
  4590 | D:6      | Lost mutation: You are agile. (Dex +4, Str/Int -1) [Xom's
                  | mischief]
  4603 | D:6      | Found a broken altar of Ashenzari.
  4609 | D:6      | Noticed Jeremiah
  4611 | D:6      | Became a worshipper of Ashenzari the Shackled
  4643 | D:6      | XOM: give mutations
  4643 | D:6      | Gained mutation: You are robust. (+10% HP) [Xom's mischief]
  4643 | D:6      | Gained mutation: Your mind is acute. (Int +4, Str/Dex -1)
                  | [Xom's mischief]
  4643 | D:6      | Lost mutation: Your mind is acute. (Int +4, Str/Dex -1)
                  | [Xom's mischief]
  4701 | D:6      | XOM: summons 2 hostile demons
  4704 | D:6      | Killed from afar by a white imp

Illustrated notes

Levels and vault maps discovered:
D:1:      shiori_arrival_elements, layout_basic,
          shapermc_ecumenical_altar_pompeii, serial_forest,
          infiniplex_forest_split, infiniplex_forest_straight_3,
          infiniplex_forest_clump_C, infiniplex_forest_straight_2,
          infiniplex_forest_lined_corner, infiniplex_forest_clump_long,
          infiniplex_forest_3_way, infiniplex_forest_end_1
D:2:      layout_loops_ring, grunt_ministairs_3, uniq_terence
D:3:      layout_rooms, mainiacjoe_overflow_catwalk, roderic_batcave,
          uniq_natasha
D:4:      minmay_razor_zed, layout_basic, temple_green, uniq_menkaure
D:5:      layout_basic, serial_shops, nicolae_shop_pleasant_corner_grove
D:6:      layout_basic, ashenzari_altar_1, ebering_ghost_sewer_f, uniq_jeremiah
Temple:   nicolae_temple_ecumenical_triangle

Skill      XL: |  1  2  3  4  5  6  7  8 |
---------------+-------------------------+-----
Earth Magic    | 4 5 6 7 8 10 | 10.2
Fighting       | 1 2 3 4 5 |  5.2
Armour         | 1 2 3 4 5 |  5.0
Dodging        | |  1.5
Stealth        | |  2.2
Spellcasting   | |  2.0
Conjurations   | |  1.1

Action                     |  1- 3 |  4- 6 |  7- 9 || total
---------------------------+-------+-------+-------++-------
  Melee: Unarmed           |       |     2 |       ||     2
         Hand axe          |       |       |     6 ||     6
   Cast: Sandblast         |    47 |    60 |    84 ||   191
 Invoke: Renounce Religion |     1 |       |       ||     1
    Use: Scroll            |     1 |       |     3 ||     4
         Potion            |       |       |     3 ||     3
 Armour: Robe              |    10 |    20 |    28 ||    58
  Dodge: Dodged            |     7 |    22 |    15 ||    44
  Block: Other             |       |       |     4 ||     4
